 Dungeon Crawl Stone Soup version 0.31-a0-1370-gf52a5a9ab3 (webtiles) character file.

Game seed: 1910956614522407006

354331 Ofeo the Rapturous (level 21, -3/200 HPs)
             Began as a Grey Draconian Brigand on Nov 23, 2023.
             Was an Elder of Uskayaw.
             Killed by the air
             ... invoked by a spriggan air mage
              (19 damage)
             ... on level 2 of the Depths on Dec 23, 2023.
             The game lasted 01:43:57 (71089 turns).

Ofeo the Rapturous (Grey Draconian Brigand)        Turns: 71089, Time: 01:43:58

Health: -3/200     AC: 35    Str: 14    XL:     21   Next: 35%
Magic:  36/36      EV: 23    Int: 21    God:    Uskayaw [****..]
Gold:   3261       SH:  2    Dex: 21    Spells: 18/32 levels left

rFire   . . .        a - +9 battleaxe of Inconvenience {speed, rPois Int+5 SInv}
rCold   . . .        (shield currently unavailable)
rNeg    . . .        (body armour unavailable)
rPois   +            x - +3 crown of Dyrovepreva {rElec Int+2 SInv}
rElec   +            T - +1 cloak
rCorr   .            E - +2 pair of gloves {hurl}
SInv    +            F - +0 pair of boots
Will    +....        O - amulet of faith
Stlth   +++          i - ring of the Tortoise {AC+8}
HPRegen 0.53/turn    M - ring of the Octopus King {Wiz HP+2 AC+2 EV+2 SH+2}
MPRegen 0.25/turn

%: faith, wizardry (x1)
@: slowed, very slow
A: AC +16, amphibious, unfitting armour, cold-blooded, noise suppression
}: 2/15 runes: decaying, serpentine
a: Renounce Religion, Stomp, Line Pass


You were on level 2 of the Depths.
You worshipped Uskayaw.
Uskayaw was greatly pleased with you.
You visited 8 branches of the dungeon, and saw 38 of its levels.

You collected 6331 gold pieces.
You spent 3027 gold pieces at shops.
You donated 43 gold pieces to Zin.

Inventory:

Hand Weapons
 a - the +9 battleaxe of Inconvenience (weapon) {speed, rPois Int+5 SInv}
   (You bought it in a shop on level 3 of the Dungeon)

   Int+5:     It affects your intelligence (+5).
   rPois:     It protects you from poison SInv: It lets you see invisible.
 b - the +8 whip "Snakebite" {venom, curare, rPois}
   (You took it off Amaemon on level 2 of the Lair of Beasts)

   rPois:     It protects you from poison
Missiles
 c - 104 poisoned darts
 k - 7 curare-tipped darts
 o - 7 throwing nets
 U - 2 darts of dispersal
Armour
 x - the +3 crown of Dyrovepreva (worn) {rElec Int+2 SInv}
   (You acquired it on level 2 of the Depths)

   Int+2:     It affects your intelligence (+2).
   rElec:     It insulates you from electricity.
   SInv:      It lets you see invisible.
 E - a +2 pair of gloves of hurling (worn)
 F - a +0 pair of boots (worn)
 K - the +3 Mad Mage's Maulers {Infuse+∞ VampMP -Cast}
   (You acquired it on level 4 of the Snake Pit)

   Infuse+∞: It empowers its wearer's blows with all of their magic.
   VampMP:    Blows struck in melee replenish the wearer's magic.
   -Cast:     It prevents spellcasting.
 T - a +1 cloak (worn)
Jewellery
 i - the ring of the Tortoise (left hand) {AC+8}
   (You found it on level 3 of the Snake Pit)

   [ring of protection]

   AC+8:      It affects your AC (+8).
 M - a ring of the Octopus King (right hand) {Wiz HP+2 AC+2 EV+2 SH+2}
   (You found it on level 5 of the Lair of Beasts)

   [ring of wizardry]

   Wiz:       It improves your spell success rate.
   AC+2:      It affects your AC (+2).
   EV+2:      It affects your evasion (+2).
   HP+2:      It affects your health (+2).
   SH+2:      It affects your SH (+2).
 O - an amulet of faith (around neck)
 V - a ring of protection from fire
Wands
 d - a wand of paralysis (17)
 n - a wand of digging (24) {@v1}
 t - a wand of mindburst (42)
 J - a wand of flame (68)
 S - a wand of light (11)
 X - a wand of iceblast (5) {@v4}
Scrolls
 f - 2 scrolls of fear
 g - 6 scrolls of revelation
 p - 4 scrolls of immolation
 u - a scroll of summoning
 v - 3 scrolls of vulnerability
 w - 2 scrolls of enchant weapon
 y - 2 scrolls of enchant armour
 A - 2 scrolls of silence
 C - 9 scrolls of teleportation {@r3}
 L - 5 scrolls of poison
 N - 9 scrolls of fog
 P - 2 scrolls of amnesia
 Y - a scroll of brand weapon
 Z - 3 scrolls of blinking {@r4}
Potions
 e - 4 potions of enlightenment
 j - 2 potions of attraction
 l - 5 potions of lignification
 m - 6 potions of might {@q4}
 q - 13 potions of curing {@q1}
 r - 2 potions of resistance {@q6}
 s - 7 potions of haste {@q3}
 z - 9 potions of brilliance
 B - 2 potions of ambrosia
 D - 3 potions of mutation
 G - 3 potions of magic
 H - 2 potions of cancellation
 I - 6 potions of invisibility
 R - 2 potions of berserk rage
Miscellaneous
 Q - a lightning rod (4/4)
 W - a box of beasts


   Skills:
 - Level 19.3 Fighting
 - Level 3.0(4.2) Short Blades
 - Level 4.5(4.9) Long Blades
 - Level 20.0 Axes
 - Level 2.6 Throwing
 + Level 12.3 Dodging
 - Level 4.2 Stealth
 - Level 6.0 Spellcasting
 - Level 4.3 Conjurations
 - Level 10.0 Earth Magic
 - Level 22.7 Invocations
 - Level 11.4 Evocations


You had 18 spell levels left.
You knew the following spells:

 Your Spells              Type           Power      Damage    Failure   Level
a - Stone Arrow           Conj/Erth      72%        3d11      1%          3
b - Brom's Barrelling Bo  Conj/Erth      36%        2d6       1%          4
c - Ozocubu's Armour      Ice            6%         N/A       12%         3
d - Vhi's Electric Charg  Tloc/Air       12%        N/A       34%         4

Your spell library contained the following spells:

 Spells                   Type           Power      Damage    Failure   Level
 Kiss of Death            Conj/Necr      60%        2d10      1%          1
 Sandblast                Erth           96%        2d20      1%          1
 Passwall                 Alch/Erth      22%        N/A       1%          2
 Static Discharge         Conj/Air       30%        3-5/arc   2%          2
 Freeze                   Ice            24%        1d4       4%          1
 Hailstorm                Conj/Ice       15%        3d6       4%          3
 Ensorcelled Hibernation  Hex/Ice        12%        N/A       6%          2
 Mercury Vapours          Alch/Air       12%        N/A       6%          2
 Mephitic Cloud           Conj/Alch/Air  12%        N/A       6%          3
 Confusing Touch          Hex            6%         N/A       12%         3
 Frozen Ramparts          Ice            12%        1d2       12%         3
 Swiftness                Air            6%         N/A       12%         3
 Volatile Blastmotes      Fire/Tloc      12%        2d11      12%         3
 Fulminant Prism          Conj/Alch      7%         3d6       16%         4
 Iskenderun's Mystic Bla  Conj/Tloc      15%        2d5       16%         4
 Airstrike                Air            3%         2d(1-17)  34%         4
 Animate Dead             Necr           6%         N/A       34%         4
 Dispel Undead            Necr           6%         3d8       34%         4
 Summon Lightning Spire   Summ/Air       6%         N/A       34%         4
 Arcjolt                  Conj/Air       7%         1d17      38%         5
 Freezing Cloud           Conj/Ice/Air   6%         6-21      50%         5
 Metabolic Englaciation   Hex/Ice        3%         N/A       69%         5
 Simulacrum               Ice/Necr       3%         N/A       99%         6
 Haunt                    Necr/Summ      3%         N/A       100%        7
 Borgnjor's Revivificati  Necr           3%         N/A       100%        8
 Infestation              Necr           3%         N/A       100%        8
 Maxwell's Capacitive Co  Air            3%         ∞         100%        8
 Death's Door             Necr           3%         N/A       100%        9


Dungeon Overview and Level Annotations

Branches:
Dungeon (15/15)            Temple (1/1) D:7            Lair (5/5) D:10
  Swamp (4/4) Lair:3        Snake (4/4) Lair:2          Orc (2/2) D:12
    Elf (0/3) Orc:2        Vaults (4/5) D:13          Crypt (0/3) Vaults:3
 Depths (3/4) D:15
  Slime: Lair:4-5

Altars:
Ashenzari
Cheibriados
Dithmenos
Elyvilon
Fedhas
Gozag
Hepliaklqana
Kikubaaqudgha
Makhleb
Nemelex Xobeh
Okawaru
Qazlal
Ru
Sif Muna
Trog
Uskayaw
Vehumet
Wu Jian
Xom
Yredelemnul
Zin
The Shining One
Jiyva

Shops:
D:2 :*   D:3 *(:?(   D:8 ?[:![   D:10 =   D:12 :   Orc:2 (*:[   Vaults:2 (
Vaults:4 ?   Depths:1 (*

Portals:
Hell: Depths:1 Depths:2
Abyss: Depths:2
Pandemonium: Depths:2

Annotations:
D:6 1 runed translucent door, sammy202020's ghost, novice MiFi
D:9 exclusion: statue
Lair:4 exclusion: oklob plant
Lair:5 exclusion: oklob plant
Depths:1 1 exclusion


Innate Abilities, Weirdness & Mutations

Your dull iron-grey scales are very hard. (AC +16)
You are amphibious.
You cannot fit into any form of body armour.
You are cold-blooded and may be slowed by cold attacks.
You passively dampen the noise of your surroundings.


Message History

The lich touches you but does no damage.
The spriggan air mage barely misses you.
The lich touches you but does no damage.
The spriggan air mage completely misses you.
The lich misses you.
Things that are here:
a +3 battleaxe of freezing; a frost giant corpse You slash the spriggan air mage!
The spriggan air mage is lightly wounded.
You hit the lich but do no damage.
The lich touches you but does no damage.
Uskayaw will force your foes to share their pain.
Uskayaw links your audience in an emotional bond!
You completely miss the spriggan air mage.
The spriggan air mage is lightly wounded.
You slash the lich!
The spriggan air mage closely misses you.
The lich touches you but does no damage.
You completely miss the spriggan air mage.
The spriggan air mage is moderately wounded.
You hit the lich.
The spriggan air mage waves its arms in wide circles.
The air twists around and strikes you. The lich casts a spell at you.
You struggle to resist.
You hit the spriggan air mage.
The spriggan air mage is heavily wounded.
You hit the lich but do no damage.
The lich gestures at you while chanting.
The bolt of cold hits you!!!
* * * LOW HITPOINT WARNING * * *
You take 62 damage, and have 16/200 hp.
MASSIVE DAMAGE!!
You miss the spriggan air mage.
Your tail-slap misses the spriggan air mage.
The spriggan air mage is heavily wounded.
You slice the lich!!
You destroy the lich!
The spriggan air mage waves its arms in wide circles.
The air twists around and strikes you!!
You die...

.#..##(..#.#.## .#..##.#.#...##..
.#..#...#.#.##..#.#..##.#.#...#..
.#.....#.#.##..#.^.#..##.#.#.....
.#....#.#.##..#.....#..##.#.#....
.#...#.#.##..#.......#..##.#)#...
.#..#.#.##..#.........#..##.#)#..
.#.#.#.##..#[....$.$...#..##.#.#.
..#.#### .#.............#...#.#.#
...#.# #.....i@⌠.$.....#...#.#.
#.#.#### )#.............#...#.#.#
##.#.#.##..#..∩..$.....#..##)#.#.
#..#.#.##..#.........#..##.#.#..
#...#.#.##..#.......#..##.#.#...
#....#.#.##..#.....#..##.#.#....
#.....#.#.##..#...#..##.#.#.....
##..#...#.#.##..#.#..##.#.#...#..
.#..##...#.#.## ..##.#.#...##..


You could see a spriggan air mage (repels missiles, pain bonded).

Vanquished Creatures
  An ancient lich (Vaults:3)
  Vv (Depths:2)
  Bai Suzhen (Swamp:4)
  Saint Roka (Depths:2)
  Vashnia (Snake:3)
  A golden dragon (Depths:2)
  A tentacled monstrosity (Vaults:3)
  Mlioglotl (Swamp:2)
  4 liches
  Asterion (Snake:3)
  A walking divine tome (Depths:1)
  Gastronok (Lair:2)
  4 sphinxes
  2 titans
  A storm dragon (Vaults:3)
  2 tengu reavers
  A thorn hunter (Swamp:2)
  Donald (Swamp:2)
  Aizul (Snake:1)
  4 nagarajas
  4 frost giants
  Louise (Snake:4)
  10 vault wardens
  5 fire giants
  4 orc warlords
  The ghost of Savior361 the Destroyer, a journeyman OgCj of Vehumet (Orc:1)
  9 stone giants
  7 very ugly things
  3 war gargoyles
  4 formless jellyfish
  A ghoul (Swamp:2)
  9 ironbound thunderhulks
  16 ironbound preservers
  2 eleionomae
  2 vampire knights (Depths:1)
  4 dire elephants
  5 bunyips
  5 ettins
  3 spark wasps (Depths:2)
  A crystal guardian (Vaults:4)
  2 jiangshi (Depths:2)
  A merfolk impaler (Depths:1)
  11 yaktaur captains
  5 fire dragons
  6 great orbs of eyes
  Josephine (Snake:1)
  A spriggan air mage (Depths:2)
  An entropy weaver (Vaults:3)
  8 vault guards
  17 hydras
  3 ghost crabs
  4 salamander tyrants
  13 ironbound frosthearts
  4 peacekeepers
  A rakshasa (Depths:1)
  A catoblepas (Lair:1)
  19 centaur warriors
  2 ogre magi (D:15)
  8 ice dragons
  6 death knights (D:14)
  A merfolk avatar (Lair:5)
  5 anacondas
  Erica (D:9)
  6 boulder beetles
  7 two-headed ogres
  11 alligators
  6 death yaks
  3 sphinx skeletons (D:15)
  3 tengu warriors
  2 occultists (Depths:2)
  5 deep troll shamans
  17 naga warriors
  3 deep troll earth magi
  3 shock serpents
  19 naga sharpshooters
  2 spriggan berserkers (Depths:2)
  A vampire mage (Depths:2)
  4 hell knights
  A sun demon (Depths:1)
  4 orc high priests
  Urug (Orc:2)
  2 skysharks (Lair:5)
  12 spriggans
  Amaemon (Lair:2)
  2 iron trolls
  9 salamander mystics
  37 deep trolls
  A golden dragon zombie (Depths:2)
  3 goliath frogs
  A sea snake (Lair:5)
  6 skeletal warriors
  2 flayed ghosts
  A glowing orange brain (Vaults:2)
  14 swamp dragons
  6 spriggan druids
  A shadow dragon zombie (Vaults:4)
  10 ironbound convokers
  10 bog bodies (Swamp:2)
  5 naga ritualists
  6 arcanists
  7 necromancers
  3 phantasmal warriors
  14 orc knights
  A harpy (Vaults:3)
  9 lindwurms
  4 deep elf pyromancers
  6 orc sorcerers
  33 ugly things
  A manticore (D:11)
  3 mana vipers
  3 will-o-the-wisps
  A human zombie (Vaults:4)
  A wolf spider (D:15)
  5 cyclopes
  A salamander (shapeshifter) (D:13)
  10 elephants
  15 salamanders
  An elf zombie (Vaults:4)
  A guardian serpent (Snake:3)
  24 black mambas
  A fire giant skeleton (Depths:2)
  A frost giant skeleton (Depths:2)
  16 vault sentinels
  A torpor snail (Lair:3)
  An orange demon (Lair:2)
  A molten gargoyle (Lair:2)
  A smoke demon (Depths:1)
  A torpor snail (shapeshifter) (Vaults:4)
  10 naga magi
  A gargoyle (D:10)
  6 rime drakes
  39 yaktaurs
  18 cane toads
  9 komodo dragons
  3 unseen horrors
  2 tormentors (D:14)
  A troll (shapeshifter) (D:14)
  3 polar bears (Lair:5)
  8 trolls
  A bloated husk (Swamp:2)
  11 tyrant leeches
  2 wind drakes (Lair:5)
  A raiju (shapeshifter) (D:13)
  13 blink frogs
  15 hornets
  A glass eye (Depths:1)
  7 dream sheep (Lair:4)
  35 slime creatures
  2 jumping spiders (Vaults:3)
  3 shadows
  7 water elementals
  3 wyverns
  8 wraiths
  A fire elemental (Depths:1)
  An ettin skeleton (Depths:2)
  5 basilisks
  57 yaks
  4 steam dragons
  6 vampire mosquitoes (D:13)
  4 death yak simulacra (D:14)
  4 redbacks
  A yaktaur simulacrum (Vaults:4)
  9 wargs
  13 swamp worms
  A glowing shapeshifter zombie (Vaults:4)
  34 nagas
  An acid dragon (D:13)
  3 hydra simulacra (D:14)
  16 water moccasins
  A glowing shapeshifter skeleton (Depths:2)
  12 swamp drakes
  A black bear (Lair:1)
  26 orc warriors
  2 ice beasts
  9 ogres
  A black bear (shapeshifter) (D:14)
  6 wolves
  8 centaurs
  4 kobold brigands
  17 bullfrogs
  4 necrophages (Swamp:2)
  A gnoll sergeant (D:8)
  A scorpion (D:6)
  4 wights (D:8)
  3 elephant simulacra (D:14)
  10 killer bees
  A howler monkey (D:9)
  4 electric eels (D:10)
  3 lava snakes (Lair:2)
  6 hounds
  2 gnoll boudas
  16 orc priests
  Ijyb (D:5)
  4 iguanas
  23 orc wizards
  5 hell rats
  24 gnolls
  9 adders
  3 shadow imps
  A white imp (D:8)
  A hell rat simulacrum (D:14)
  3 worms
  5 dart slugs
  86 orcs
  10 ball pythons
  10 endoplasms
  2 giant cockroaches
  14 hobgoblins
  2 jackals
  5 quokkas
  3 bats (D:1)
  2 frilled lizards
  19 goblins
  26 kobolds
  11 rats
  A spectral weapon (Snake:3)
1422 creatures vanquished.

Vanquished Creatures (collateral kills)
  A boulder (Swamp:2)
1 creature vanquished.

Vanquished Creatures (others)
  2 bloated husks (Swamp:2)
  An orc priest (Depths:2)
  An orc (Orc:2)
  8 boulders (Swamp:2)
  12 foxfires
24 creatures vanquished.

Grand Total: 1447 creatures vanquished

Notes
Turn   | Place    | Note
-------+----------+-------------------------------------------
     0 | D:1      | Ofeo the Draconian Brigand began the quest for the Orb.
     0 | D:1      | Reached XP level 1. HP: 17/17 MP: 1/1
    47 | D:1      | Reached skill level 1 in Dodging
   217 | D:1      | Reached XP level 2. HP: 19/25 MP: 2/2
   590 | D:1      | Reached XP level 3. HP: 30/30 MP: 3/3
   767 | D:1      | Found a faded altar of an unknown god.
  1184 | D:2      | Reached XP level 4. HP: 34/37 MP: 4/4
  1767 | D:2      | Found Kovacwuesi's General Store.
  2107 | D:3      | Reached XP level 5. HP: 34/45 MP: 5/5
  2294 | D:3      | Found Uleskig's Weapon Shop.
  2454 | D:3      | Found Gauguips's Weapon Shoppe.
  2459 | D:3      | Found Qiehas's Book Emporium.
  2902 | D:3      | Found Plog's Magic Scroll Boutique.
  2976 | D:3      | Found an ancient bone altar of Kikubaaqudgha.
  3274 | D:3      | Found Ciujaril's Assorted Antiques.
  3282 | D:3      | Bought a scroll labelled ENUYCHACLU for 20 gold pieces
  3283 | D:3      | Bought a bubbling golden potion for 18 gold pieces
  3884 | D:4      | Reached XP level 6. HP: 55/55 MP: 6/6
  3962 | D:4      | Reached skill level 5 in Fighting
  4081 | D:4      | Found a bloodstained altar of Trog.
  4387 | D:5      | Entered Level 5 of the Dungeon
  4420 | D:5      | Noticed Ijyb
  4428 | D:5      | Gained mutation: You passively dampen the noise of your
                  | surroundings. [potion of mutation]
  4430 | D:5      | Paralysed by Ijyb for 2 turns
  4440 | D:5      | Paralysed by Ijyb for 4 turns
  4448 | D:5      | Paralysed by Ijyb for 4 turns
  4454 | D:5      | Killed Ijyb
  4646 | D:5      | Your scales start taking on a dull iron-grey colour.
  4646 | D:5      | Reached XP level 7. HP: 49/64 MP: 7/7
  5017 | D:5      | Found a burning altar of Makhleb.
  5022 | D:5      | Reached skill level 1 in Long Blades
  6173 | D:6      | Found a sacrificial altar of Ru.
  6296 | D:6      | Found a hide-covered altar of Uskayaw.
  6743 | D:6      | Noticed a shadow
  6759 | D:6      | Killed a shadow
  6760 | D:6      | Reached XP level 8. HP: 74/74 MP: 8/8
  6771 | D:6      | Identified a scroll of acquirement
  6771 | D:6      | Acquired 1055 gold pieces
  6861 | D:3      | Bought a scroll of acquirement for 676 gold pieces
  6861 | D:3      | Acquired 928 gold pieces
  6897 | D:3      | Bought the +9 battleaxe of Inconvenience {speed, rPois
                  | Int+5 SInv} for 1175 gold pieces
  6925 | D:7      | Identified the of Facoc
  6925 | D:7      | Identified the "Tuzum"
  6925 | D:7      | Identified the "Meowiff"
  7132 | D:6      | Reached skill level 1 in Axes
  7339 | D:6      | Found a runed translucent door.
  7344 | D:6      | Noticed sammy202020's ghost (novice MiFi)
  7663 | D:7      | Reached skill level 5 in Axes
  7852 | D:7      | Found a sparkling altar of Nemelex Xobeh.
  7904 | D:7      | Found a shimmering blue altar of Sif Muna.
  8114 | D:7      | Found a staircase to the Ecumenical Temple.
  8223 | Temple   | Entered the Ecumenical Temple
  8253 | Temple   | Became a worshipper of Zin the Law-Giver
  8253 | Temple   | Reached * piety under Zin
  8253 | Temple   | Reached ** piety under Zin
  8326 | D:8      | Reached XP level 9. HP: 82/82 MP: 9/9
  8349 | D:8      | Found Hobix's Distillery.
  8353 | D:8      | Bought a potion of curing for 36 gold pieces
  8353 | D:8      | Bought a potion of resistance for 120 gold pieces
  8353 | D:8      | Bought a potion of haste for 120 gold pieces
  8637 | D:8      | Found Wagufin's Book Shop.
  8638 | D:8      | Found Otwoddykh's Armour Emporium.
  8928 | D:8      | Found a broken altar of Ashenzari.
  9034 | D:8      | Found Imovof's Magic Scroll Shop.
  9112 | D:6      | Fell from the grace of Zin
  9112 | D:6      | Became a worshipper of Uskayaw the Reveller
  9341 | D:8      | Reached * piety under Uskayaw
  9342 | D:8      | Reached ** piety under Uskayaw
  9564 | D:8      | Found Toisyth's Armour Boutique.
  9774 | D:9      | Noticed Erica
  9786 | D:9      | Killed Erica
  9787 | D:9      | Reached skill level 10 in Axes
  9932 | D:9      | Reached XP level 10. HP: 90/90 MP: 10/10
  9934 | D:9      | Reached *** piety under Uskayaw
  9935 | D:9      | Reached **** piety under Uskayaw
  9940 | D:9      | Reached ***** piety under Uskayaw
 10204 | D:9      | Found a blossoming altar of Fedhas.
 10264 | D:9      | Found a radiant altar of Vehumet.
 10434 | D:9      | Reached ****** piety under Uskayaw
 10836 | D:9      | Found a basalt altar of Yredelemnul.
 11047 | D:10     | Entered Level 10 of the Dungeon
 11064 | D:10     | Found a staircase to the Lair.
 11080 | Lair:1   | Entered Level 1 of the Lair of Beasts
 11661 | D:10     | Found Hozoi's Jewellery Shop.
 11850 | D:10     | Found an iron altar of Okawaru.
 11873 | D:10     | Noticed a gargoyle
 11881 | D:10     | Killed a gargoyle
 12153 | D:10     | Reached XP level 11. HP: 95/95 MP: 11/11
 12685 | D:11     | Noticed a boulder beetle
 12696 | D:11     | Killed a boulder beetle
 12863 | D:11     | Found a shimmering altar of Xom.
 12912 | D:11     | Noticed a two-headed ogre
 12922 | D:11     | Killed a two-headed ogre
 12923 | D:11     | Reached skill level 10 in Fighting
 13059 | D:11     | Noticed a boulder beetle
 13074 | D:11     | Killed a boulder beetle
 13577 | Lair:1   | Reached skill level 15 in Axes
 13660 | Lair:1   | Reached skill level 1 in Invocations
 13907 | Lair:1   | Reached skill level 2 in Invocations
 14188 | Lair:1   | Reached XP level 12. HP: 110/110 MP: 13/13
 14318 | Lair:1   | Reached skill level 3 in Invocations
 14614 | Lair:1   | Reached skill level 4 in Invocations
 14766 | Lair:1   | Noticed a catoblepas
 14774 | Lair:1   | Killed a catoblepas
 15018 | Lair:2   | Reached skill level 5 in Invocations
 15144 | Lair:2   | Noticed Amaemon
 15215 | Lair:2   | Killed Amaemon
 15336 | Lair:2   | Noticed Gastronok
 15358 | Lair:2   | Killed Gastronok
 15359 | Lair:2   | Reached skill level 6 in Invocations
 15494 | Lair:2   | Reached skill level 7 in Invocations
 15699 | Lair:2   | Found a staircase to the Snake Pit.
 16498 | Lair:3   | Reached skill level 8 in Invocations
 17208 | Lair:3   | Reached XP level 13. HP: 119/119 MP: 19/19
 17392 | Lair:3   | Found a staircase to the Swamp.
 17437 | Lair:3   | Reached skill level 9 in Invocations
 17941 | Lair:4   | Reached skill level 10 in Invocations
 18939 | Lair:5   | Entered Level 5 of the Lair of Beasts
 19231 | Lair:5   | Reached skill level 11 in Invocations
 20273 | Lair:5   | Reached skill level 12 in Invocations
 20302 | Lair:5   | Reached XP level 14. HP: 89/130 MP: 23/23
 20600 | Lair:5   | Found the ring of the Octopus King
 20615 | Lair:5   | Identified a ring of the Octopus King {Wiz HP+2 AC+2 EV+2
                  | SH+2}
 21122 | Lair:5   | Found a viscous altar of Jiyva.
 21437 | D:10     | Learned a level 3 spell: Stone Arrow
 21442 | D:10     | Learned a level 4 spell: Brom's Barrelling Boulder
 21545 | D:12     | Found a staircase to the Orcish Mines.
 22118 | D:12     | Reached skill level 1 in Earth Magic
 22121 | D:12     | Found Odicwepn's Book Emporium.
 22553 | D:13     | Reached skill level 13 in Invocations
 22710 | D:13     | Found a gate to the Vaults.
 25000 | D:14     | Reached skill level 14 in Invocations
 25114 | D:14     | Found a bloodstained altar of Trog.
 25635 | D:14     | Reached skill level 1 in Conjurations
 25655 | D:14     | Reached skill level 5 in Earth Magic
 25901 | D:14     | Reached XP level 15. HP: 94/139 MP: 25/25
 26590 | D:15     | Entered Level 15 of the Dungeon
 27434 | D:15     | Found a staircase to the Depths.
 27445 | D:15     | Reached skill level 15 in Fighting
 27445 | D:15     | Reached skill level 15 in Invocations
 28212 | Swamp:1  | Entered Level 1 of the Swamp
 29083 | Swamp:2  | Noticed Donald
 29099 | Swamp:2  | Killed Donald
 30079 | Swamp:2  | Noticed a thorn hunter
 30091 | Swamp:2  | Killed a thorn hunter
 30126 | Swamp:2  | Noticed Mlioglotl
 30127 | Swamp:2  | Upgraded the game from 0.31-a0-986-g5e6e4ef867 to
                  | 0.31-a0-1074-g0b22e4e0f1
 30143 | Swamp:2  | Killed Mlioglotl
 30144 | Swamp:2  | Reached skill level 1 in Evocations
 30494 | Swamp:2  | Reached skill level 16 in Invocations
 30512 | Swamp:2  | Reached XP level 16. HP: 22/147 MP: 28/28
 32232 | Swamp:3  | Identified the +5 rapier of Cowardice {flame, Str+2 Dex+6}
 32548 | Orc:1    | Entered Level 1 of the Orcish Mines
 33277 | Orc:1    | Found a runed translucent gate.
 33277 | Orc:1    | Found a runed translucent gate.
 33278 | Orc:1    | Found a runed translucent gate.
 33448 | Orc:1    | Noticed Savior361's ghost (journeyman OgCj)
 33449 | Orc:1    | Found an iron altar of Okawaru.
 33469 | Orc:1    | Killed Savior361's ghost
 33474 | Orc:1    | Identified the +4 plate armour of Wooklan {rElec rF+ rCorr
                  | Int+2}
 33537 | Orc:2    | Entered Level 2 of the Orcish Mines
 33537 | Orc:2    | Found a staircase to the Elven Halls.
 33590 | Orc:2    | Noticed Urug
 33597 | Orc:2    | Killed Urug
 34183 | Orc:2    | Found Tofuump's General Store.
 34262 | Orc:2    | Found Fahem's Antique Armour Emporium.
 34356 | Orc:2    | Found Cosibl Litir's Book Emporium.
 34388 | Orc:2    | Found Nuthriv's Antique Weapon Emporium.
 34448 | Orc:2    | Reached skill level 17 in Invocations
 35205 | Swamp:4  | Entered Level 4 of the Swamp
 35676 | Swamp:4  | Noticed Bai Suzhen
 35702 | Swamp:4  | Killed Bai Suzhen
 36284 | Swamp:4  | Reached skill level 5 in Evocations
 36526 | Swamp:4  | Reached XP level 17. HP: 80/159 MP: 29/29
 36905 | Swamp:4  | Got a decaying rune of Zot
 37454 | Snake:1  | Entered Level 1 of the Snake Pit
 37521 | Snake:1  | Reached skill level 10 in Earth Magic
 37639 | Snake:1  | Noticed Josephine
 37654 | Snake:1  | Killed Josephine
 37655 | Snake:1  | Identified the serpent talisman of the Enfolding Gods
                  | {Str-2 Dex+2 SInv}
 37655 | Snake:1  | Noticed Aizul
 37677 | Snake:1  | Killed Aizul
 38219 | Snake:1  | Reached skill level 18 in Invocations
 38402 | Snake:1  | Found an ornate altar of the Wu Jian Council.
 40682 | Snake:3  | Noticed Asterion
 40961 | Snake:2  | Acquired 670 gold pieces
 40965 | Snake:3  | Upgraded the game from 0.31-a0-1074-g0b22e4e0f1 to
                  | 0.31-a0-1370-gf52a5a9ab3
 41014 | Snake:3  | Killed Asterion
 41089 | Snake:3  | Noticed Vashnia
 41287 | Snake:3  | Killed Vashnia
 42137 | Snake:3  | Found the ring of the Tortoise {AC+8}
 43067 | Snake:4  | Entered Level 4 of the Snake Pit
 43111 | Snake:4  | Acquired the +3 Mad Mage's Maulers {Infuse+∞ VampMP -Cast}
 43111 | Snake:4  | Found the +3 Mad Mage's Maulers {Infuse+∞ VampMP -Cast}
 43134 | Snake:4  | Noticed Louise
 43143 | Snake:4  | Killed Louise
 43706 | Snake:4  | Reached skill level 19 in Invocations
 43855 | Snake:4  | Reached skill level 1 in Spellcasting
 44537 | Snake:4  | Reached XP level 18. HP: 140/170 MP: 1/31
 44907 | Snake:4  | Identified the +0 leather armour of Forking Paths {Rampage
                  | rCorr}
 46247 | Snake:4  | Got a serpentine rune of Zot
 47327 | Vaults:1 | Entered Level 1 of the Vaults
 49474 | Vaults:1 | Reached skill level 20 in Invocations
 49623 | Vaults:1 | You fall into a shaft and drop 1 floor!
 49660 | Vaults:2 | Found Qiomaet's Weapon Emporium.
 52661 | Vaults:2 | Reached XP level 19. HP: 179/179 MP: 4/33
 53123 | Vaults:3 | Reached skill level 5 in Spellcasting
 54549 | Vaults:3 | Identified the +1 spear of Jiqunur {protect, rC++}
 54604 | Vaults:3 | Found a staircase to the Crypt.
 54604 | Vaults:3 | Found an ancient bone altar of Kikubaaqudgha.
 54605 | Vaults:3 | Found a basalt altar of Yredelemnul.
 55794 | Vaults:3 | Reached skill level 21 in Invocations
 57965 | Vaults:3 | Noticed an ancient lich
 57967 | Vaults:3 | Reached skill level 10 in Evocations
 57987 | Vaults:3 | Killed an ancient lich
 57995 | Vaults:3 | Identified the +6 quarterstaff of the Morning {holy,
                  | Will+++ Str-5 Int+4 SInv}
 58475 | Orc:2    | Bought a bloodstained double sword for 660 gold pieces
 58475 | Orc:2    | Identified the +6 double sword "Halol" {protect, *Noise
                  | rCorr Dex+2} (You bought it in a shop on level 2 of the
                  | Orcish Mines)
 59365 | Vaults:4 | Found Areups's Magic Scroll Shop.
 59369 | Vaults:4 | Bought a scroll of summoning for 142 gold pieces
 59369 | Vaults:4 | Bought a scroll of fog for 60 gold pieces
 60443 | Vaults:4 | Reached skill level 22 in Invocations
 60469 | Vaults:4 | Reached XP level 20. HP: 64/189 MP: 0/35
 63165 | Vaults:4 | Paralysed by a sphinx for 5 turns
 63681 | Depths:1 | Entered Level 1 of the Depths
 64736 | Depths:1 | Found Ylasi's Mayhem Merchandise.
 64815 | Depths:1 | Reached skill level 5 in Dodging
 65932 | Depths:1 | Found Qaaruse's Antique Weapon Shop.
 67361 | Depths:1 | Identified the +7 rapier "Orb Guardian's Foe" {pain, rC+
                  | Str+2 Stlth+}
 67388 | Depths:1 | Identified the +1 ring mail "Luepn" {+Blink}
 67524 | Depths:1 | Found a gateway to Hell.
 67874 | Depths:2 | Found a shimmering altar of Xom.
 67921 | Depths:2 | Acquired the +3 crown of Dyrovepreva {rElec Int+2 SInv}
 67921 | Depths:2 | Found the +3 crown of Dyrovepreva {rElec Int+2 SInv}
 68397 | Depths:2 | Noticed Vv
 68769 | Depths:2 | Noticed Saint Roka
 68791 | Depths:2 | Found a one-way gate leading to the halls of Pandemonium.
 68796 | Depths:2 | Paralysed by an orc sorcerer for 3 turns
 68818 | Depths:2 | HP: 1/193 [Saint Roka/divine providence (14)]
 68821 | Depths:2 | Killed Saint Roka
 68822 | Depths:2 | Reached skill level 10 in Dodging
 68822 | Depths:2 | Reached XP level 21. HP: 36/198 MP: 2/36
 69134 | Depths:2 | Learned a level 3 spell: Ozocubu's Armour
 69139 | Depths:2 | Learned a level 4 spell: Vhi's Electric Charge
 69751 | Depths:2 | Killed Vv
 69821 | Depths:2 | HP: 6/200 [frost giant/bolt of cold (37)]
 70929 | Depths:2 | Noticed a golden dragon
 70971 | Depths:2 | Killed a golden dragon
 71072 | Depths:2 | Found a one-way gate to the infinite horrors of the Abyss.
 71089 | Depths:2 | Killed from afar by a spriggan air mage

Illustrated notes

Levels and vault maps discovered:
D:1:      wander_arrival_lonely_grave, layout_loops_ring,
          hellmonk_ecumenical_altar_inner_sanctum, minmay_cupped
D:2:      minmay_general_purpose_star, layout_rooms, serial_shops, shop
D:3:      layout_rooms, mainiacjoe_overflow_24_doors, serial_shops,
          nicolae_shop_statue_plus, nicolae_shop_rolled_up, shop,
          nicolae_shop_peninsula, nicolae_shop_bloodbath_and_beyond
D:4:      layout_loops_ring, mainiacjoe_overflow_cross_hatched
D:5:      layout_layer_cave, makhleb_grotto_becter, nicolae_letterblocks
          [nicolae_letter_subblock, nicolae_letter_subblock,
          nicolae_letter_subblock, nicolae_letter_subblock,
          nicolae_letter_subblock, nicolae_letter_subblock,
          nicolae_letter_subblock, nicolae_letter_subblock,
          nicolae_letter_subblock, nicolae_letter_subblock,
          nicolae_letter_subblock, nicolae_letter_subblock,
          nicolae_letter_subblock, nicolae_letter_subblock,
          nicolae_letter_subblock, nicolae_letter_subblock,
          nicolae_letter_subblock, nicolae_letter_subblock,
          nicolae_letter_subblock, nicolae_letter_subblock,
          nicolae_letter_subblock, nicolae_letter_subblock,
          nicolae_letter_subblock, nicolae_letter_subblock,
          nicolae_letter_subblock], uniq_ijyb
D:6:      corexii_shantytown, layout_gridville, nicolae_ru_awakened_eye,
          nicolae_overflow_crystal_walls, ebering_ghost_sewer_d
D:7:      layout_rooms, nicolae_sif_muna_little_library,
          nemelex_dance_club_becter, temple_statues, minivault_23,
          minmay_misc_feat_square
D:8:      layout_basic, nicolae_ashenzari_panopticon, serial_shops, shop, shop,
          nicolae_shop_hallway_plus, nicolae_shop_advertising_works
          [nicolae_subvault_shop_adworks], shop
D:9:      layout_stronghold, lemuel_coloured_pillars_altar, vehumet_statue,
          mainiacjoe_overflow_brackets, uniq_erica
D:10:     layout_loops_corners, kennysheep_mini, erik_lair_island, serial_shops,
          shop, grunt_ministairs_9
D:11:     layout_cave_pools, tgw_xom
D:12:     layout_long_grid, david_orc_3, serial_shops, nicolae_shop_hallway_plus
D:13:     layout_roguey, david_vaults_5, amcnicky_mini_corridor_feature,
          minmay_crystal_water
D:14:     cheibrodos_tormentor_scu, layout_gridville, bloody_trog,
          eino_house_with_fridge
D:15:     gammafunk_depths_entry_grave, layout_basic, minmay_rotating_lava
Temple:   jpeg_temple_alley_garden
Lair:1:   layout_cave_pods, hangedman_lair_unloving_vines, nicolae_lair_lindhole
Lair:2:   layout_gridlike, nicolae_snake_entry_warm_welcome, uniq_gastronok,
          uniq_amaemon
Lair:3:   layout_hall_layers, mainiacjoe_swamp_entry_lozenge_pond
Lair:4:   layout_cave_pods, lemuel_oklob_altar, infiniplex_staircase_pool
Lair:5:   gammafunk_lair_ancient_temple, layout_small_grid,
          minmay_slime_entry_oklob_enclosed, dreamdust_wasp_nest
Swamp:1:  layout_falls_marsh, nicolae_swamp_tree_isthmus, ldierk_geyser,
          nicolae_swamp_long_stream
Swamp:2:  layout_falls_marsh, evilmike_swamp_ruin_rubble_1,
          hangedman_swamp_ravenous, uniq_donald, uniq_mlioglotl
Swamp:3:  layout_basic_swamp, serial_swamp_ruin, evilmike_swamp_ruin_house_4,
          evilmike_swamp_ruin_house_2, evilmike_swamp_ruin_rubble_2,
          swamp_pool_5, nicolae_swamp_bloodsuckers_inc
Swamp:4:  swamp_alternative, layout_basic_swamp, uniq_bai_suzhen
Snake:1:  layout_onion_interference, basic_altar, uniq_aizul, uniq_josephine
Snake:2:  layout_cave_shapes
Snake:3:  layout_chambers, uniq_vashnia, uniq_asterion
Snake:4:  snake_pit, layout_onion_interference, uniq_louise
Orc:1:    layout_caves, gammafunk_ghost_fury_of_okawaru
Orc:2:    grunt_orc_cross, layout_caves, nicolae_orc_sculptors_studio,
          minmay_orc_temple_b, uniq_urug
Vaults:1: hangedman_vaults_cutoff, nicolae_vaults_house_3,
          nicolae_vaults_little_squares_1, v_misc_3, vaults_mumra_minichess,
          nicolae_vaults_sesquioval_fish, nicolae_vaults_sealed_display,
          nicolae_vaults_circle_grid_a, hangedman_vaults_restitches,
          vaults_mumra_lcd, nicolae_vaults_trapezoid_lopsided_3,
          layout_vaults_omnicross
Vaults:2: nicolae_vaults_stepped_doors, nicolae_vaults_layer_cake_slice,
          vaults_dpeg_encased_lava, ontoclasm_vaults_bender,
          nicolae_vaults_closet_pinwheel_2, nicolae_vaults_six-pack,
          nicolae_vaults_hexular_roomagon, v_rooms_5,
          nicolae_vaults_offset_grid_hallway_3, layout_vaults_omnigrid,
          serial_shops, shop
Vaults:3: dpeg_vaults_hating_casters, nicolae_vaults_alarming,
          ontoclasm_vaults_claustrophobia, minmay_crypt_entry_necro_gods,
          v_misc_3, v_misc_22, hangedman_vaults_nails,
          nicolae_vaults_network_star, v_alt_pattern_2, grunt_vaults_focal,
          ontoclasm_vaults_ring_small, layout_vaults_big_room
Vaults:4: nicolae_vaults_diamond_1, v_misc_1,
          nicolae_vaults_trapezoid_lopsided_2, nicolae_vaults_theta,
          vaults_room_pool, st_eye, nicolae_vaults_tetromino_L_2,
          nicolae_vaults_hexular_roomagon, vaults_standard_mumra_x,
          hangedman_vaults_corner, nicolae_vaults_heart-shaped_vault, v_misc_1,
          ontoclasm_vaults_chip, ontoclasm_vaults_fault, layout_vaults_ring,
          serial_shops, shop
Depths:1: layout_cave_pools, hellmouth_1, corexii_corridor_pit,
          nicolae_take_the_stairs, minmay_stone_trees_small, minmay_shop_mayhem,
          serial_bayou_pond_a, minmay_pinched_square
Depths:2: evilmike_diamond_2, layout_gridlike, abyss_entry, hell_entry,
          lemuel_round_altar, pan_entry, uniq_vv, uniq_saint_roka
Depths:3: hangedman_pleasuredromes, abyss_entry, hell_entry

Skill      XL: |  1  2  3  4  5  6  7  8  9 10 11 12 13 14 15 16 17 18 19 20 21 |
---------------+----------------------------------------------------------------+-----
Dodging        | 1 2 10 12 | 12.3
Throwing       | 2 |  2.6
Stealth        | 4 |  4.2
Fighting       | 3 4 6 8 11 12 13 14 15 16 17 18 19 | 19.3
Short Blades   | 3 |  3.0
Long Blades    | 4 |  4.5
Axes           | 6 10 13 15 16 17 18 19 20 | 20.0
Invocations    | 2 8 12 14 16 17 19 20 22 | 22.7
Earth Magic    | 5 7 9 10 | 10.0
Conjurations   | 1 4 |  4.3
Evocations     | 2 5 7 9 10 11 | 11.4
Spellcasting   | 1 4 6 |  6.0

Action                     |  1- 3 |  4- 6 |  7- 9 | 10-12 | 13-15 | 16-18 | 19-21 || total
---------------------------+-------+-------+-------+-------+-------+-------+-------++-------
  Melee: Dagger            |   121 |   256 |    22 |       |       |       |       ||   399
         Tailslap          |     5 |    39 |    37 |    61 |   204 |   257 |   219 ||   822
         Unarmed           |       |    20 |       |       |       |       |     5 ||    25
         Punch             |       |     2 |     1 |       |       |     2 |       ||     5
         Long sword        |       |       |   129 |       |       |       |       ||   129
         Battleaxe         |       |       |   123 |   434 |   951 |  1188 |   906 ||  3602
         Whip              |       |       |       |     4 |    44 |    75 |       ||   123
  Throw: Dart              |       |    37 |    43 |     3 |    13 |       |       ||    96
   Cast: Stone Arrow       |       |       |       |       |     1 |       |       ||     1
         Brom's Barrelling |       |       |       |       |    10 |     2 |       ||    12
         Ozocubu's Armour  |       |       |       |       |       |       |     1 ||     1
 Invoke: Line Pass         |       |       |       |       |     1 |       |       ||     1
         Grand Finale      |       |       |       |       |       |     1 |     1 ||     2
  Evoke: Wand              |       |       |       |     8 |     9 |    13 |     2 ||    32
         Lightning rod     |       |       |       |     2 |       |       |       ||     2
         Box of beasts     |       |       |       |       |       |       |     1 ||     1
    Use: Potion            |       |     3 |     1 |     2 |     5 |     5 |     6 ||    22
         Scroll            |       |    13 |    10 |     7 |     5 |     3 |     4 ||    42
   Stab: Sleeping          |     4 |     7 |    10 |    12 |    14 |    20 |     5 ||    72
         Distracted        |       |     1 |       |       |     3 |     3 |       ||     7
         Paralysed         |       |       |       |    52 |   125 |   208 |   220 ||   605
         Invisible         |       |       |       |       |     6 |     1 |       ||     7
 Armour: Skin              |    55 |   197 |   159 |   191 |   497 |   805 |   526 ||  2430
  Dodge: Dodged            |    73 |   163 |   254 |   235 |   509 |   696 |   348 ||  2278
  Block: Other             |       |       |       |       |    35 |    53 |    27 ||   115

Table legend: (Time is in decaauts)
 A = Elapsed time spent in this place.
 B = Non-inter-level travel time spent in this place.
 C = Inter-level travel time spent in this place.
 D = Time resting spent in this place.
 E = Time spent auto-exploring this place.
 F = Levels seen in this place.
 G = Mean time per level.
                   A        B        C        D        E       F      G
               +--------+--------+--------+--------+--------+-----+--------+
         Total |  69408 |  65593 |   3815 |  13271 |  43438 |  38 | 1826.5 |
       Dungeon |  21202 |  19620 |   1582 |   3555 |  13135 |  15 | 1413.5 |
        Temple |     59 |      1 |     58 |      0 |      0 |   1 |   59.0 |
          Lair |   8492 |   7754 |    738 |   1426 |   5146 |   5 | 1698.4 |
         Swamp |   6123 |   5918 |    205 |   1953 |   2909 |   4 | 1530.8 |
     Snake Pit |   9468 |   9186 |    282 |   2101 |   5957 |   4 | 2367.0 |
  Orcish Mines |   2276 |   2091 |    185 |    415 |   1263 |   2 | 1138.0 |
        Vaults |  15635 |  15040 |    595 |   1943 |  11898 |   4 | 3908.8 |
        Depths |   6150 |   5983 |    167 |   1877 |   3129 |   3 | 2050.0 |
               +--------+--------+--------+--------+--------+-----+--------+

Top non-repeatable levels by time:
Vaults:3: 5160 daAuts
Vaults:4: 4071 daAuts
 Snake:4: 3974 daAuts
Depths:1: 3545 daAuts
Vaults:2: 3464 daAuts
Vaults:1: 2938 daAuts
 Snake:3: 2837 daAuts
    D:14: 2680 daAuts
Depths:2: 2598 daAuts
    D:15: 2429 daAuts
  Lair:1: 1951 daAuts
  Lair:5: 1920 daAuts
 Swamp:3: 1798 daAuts
    D:13: 1750 daAuts
     D:5: 1745 daAuts
